 Dungeon Crawl Stone Soup version 0.28.0-53-g5a82cb258f (webtiles) character file.

Game seed: 2612121229017578714

26 Asher535 the Sneak (level 2, -4/28 HPs)
             Began as a Troll Brigand on July 28, 2022.
             Was a Follower of Uskayaw.
             Slain by an orc
             ... wielding a +0 trident
              (6 damage)
             ... on level 2 of the Dungeon.
             The game lasted 00:07:14 (1115 turns).

Asher535 the Sneak (Troll Brigand)                  Turns: 1115, Time: 00:07:14

Health: -4/28      AC:  5    Str: 18    XL:     2   Next: 89%
Magic:  1/1        EV:  9    Int:  7    God:    Uskayaw [*.....]
Gold:   43         SH:  0    Dex: 11    Spells: 1/1 levels left

rFire   . . .      SeeInvis .   a - +2 dagger
rCold   . . .      Faith    .   (no shield)
rNeg    . . .      Spirit   .   b - +0 robe
rPois   .          Reflect  .   (helmet restricted)
rElec   .          Harm     .   c - +0 cloak
rCorr   .          Rampage  .   (gloves unavailable)
Will    .....                   (boots unavailable)
Stlth   ++........              (no amulet)
HPRegen 0.89/turn               (no ring)
MPRegen 0.07/turn               (no ring)

@: lethally poisoned (-4 -> -5)
A: large, unfitting armour, claws 3, regeneration 1, shaggy fur 1, tough skin 1
a: Renounce Religion, Stomp


You were on level 2 of the Dungeon.
You worshipped Uskayaw.
Uskayaw was noncommittal.
You visited 1 branch of the dungeon, and saw 2 of its levels.

You collected 43 gold pieces.

Inventory:

Hand Weapons
 a - a +2 dagger (weapon)
Missiles
 d - 8 poisoned darts (quivered)
 e - 2 curare-tipped darts
 h - 23 stones
 m - 15 arrows
Armour
 b - a +0 robe (worn)
 c - a +0 cloak (worn)
 f - an orb of light
 l - a +0 chain mail
 n - a +0 leather armour
Scrolls
 j - 3 scrolls of identify {unknown}
 k - a scroll of brand weapon {unknown}
 o - a scroll of immolation {unknown}
Potions
 g - a potion of brilliance {unknown}
 i - a potion of curing {unknown}


   Skills:
 + Level 1.8 Fighting
 + Level 1.8 Short Blades
 + Level 1.8 Throwing
 + Level 1.0 Dodging
 + Level 2.5 Stealth


You had one spell level left.
You didn't know any spells.
Your spell library contained the following spells:

 Spells                   Type           Power      Damage    Failure   Level
 Ensorcelled Hibernation  Hex/Ice        0%         N/A       56%         2
 Passwall                 Tmut/Erth      0%         N/A       56%         2
 Swiftness                Air            0%         N/A       80%         3


Dungeon Overview and Level Annotations

Branches:
Dungeon (2/15)

Altars:
Uskayaw

Shops:
D:1 :


Innate Abilities, Weirdness & Mutations

You are too large for most types of armour.
You have claws for hands.
Your natural rate of healing is unusually fast.
You are covered in fur. (AC +1)
You have tough skin. (AC +1)


Message History

You hit the orc but do no damage.
The orc is moderately wounded.
The adder bites you but does no damage.
You hit the orc but do no damage.
The orc is moderately wounded.
The orc completely misses you. The adder closely misses you.
You barely miss the orc.
The orc is moderately wounded.
The orc suddenly complains, in orcish tradition.
The orc hits you with a +0 trident. The adder bites you.
You are poisoned.
The adder poisons you!
You closely miss the orc.
The orc is moderately wounded.
You feel sick. The adder bites you.
You are more poisoned.
The adder poisons you! The orc barely misses you.
You feel sick. The orc hits you but does no damage. The adder bites you.
You are more poisoned.
The adder poisons you!
You feel very sick.
You feel sick.
You feel sick. The adder completely misses you.
You barely miss the adder.
You feel sick. The orc closely misses you. The adder bites you.
* * * LOW HITPOINT WARNING * * *
You hit the adder.
The adder is heavily wounded.
You feel sick. The adder bites you but does no damage.
The orc closely misses you.
You completely miss the adder.
The adder is heavily wounded.
You feel sick. The adder bites you.
* * * LOW HITPOINT WARNING * * *
The orc closely misses you.
You hit the adder.
The adder is almost dead.
You feel sick. The adder bites you but does no damage.
The orc hits you from afar with a +0 trident.
You die...

.... #.....# .... #.....# ####
.... #.....# #... .... #.....#
#... ...########## #.....# #...
#.........# #.....# #...
####.........# #.....#### #...
.............######........# #...
!.............oS@.......>#.# #...
####).........####..####.#.###...
#.......)).#..........#....#..
#.....................####.#..
###########...........# #.#..
#.#.....###.. #.'.. #..###..# ..#
#.#.. ##.# #..# #.# ###.. #.#
#..# #<# ...


You could see an adder and an orc.

Vanquished Creatures
  A dart slug (D:1)
  A bat (D:1)
  3 endoplasms
  A giant cockroach (D:1)
  2 goblins
  A hobgoblin (D:1)
  2 jackals (D:2)
  A quokka (D:1)
  3 frilled lizards
  6 kobolds
  2 rats (D:1)
23 creatures vanquished.

Vanquished Creatures (others)
  5 plants (D:1)
  9 withered plants (D:1)
14 creatures vanquished.

Grand Total: 37 creatures vanquished

Notes
Turn   | Place    | Note
-------+----------+-------------------------------------------
     0 | D:1      | Asher535 the Troll Brigand began the quest for the Orb.
     0 | D:1      | Reached XP level 1. HP: 19/19 MP: 0/0
   561 | D:1      | Reached XP level 2. HP: 27/27 MP: 1/1
   632 | D:1      | Found Oraepsi's Book Emporium.
   683 | D:1      | Found a faded altar of an unknown god.
   722 | D:1      | Prayed at the altar of an unknown god.
   722 | D:1      | Became a worshipper of Uskayaw the Reveller
   722 | D:1      | Reached * piety under Uskayaw
   737 | D:1      | Reached ** piety under Uskayaw
  1036 | D:2      | Reached skill level 1 in Dodging
  1115 | D:2      | Slain by an orc

Illustrated notes

Levels and vault maps discovered:
D:1:      lemuel_arrival_funnel, layout_loops_ring,
          shapermc_ecumenical_altar_flowoftime, serial_shops,
          nicolae_shop_temple_entry_statues_fountains, serial_aquarium,
          aquarium_bridge_straight [aquarium_subvault_bridge,
          aquarium_subvault_window, aquarium_subvault_bridge,
          aquarium_subvault_wall], aquarium_window_fake, aquarium_window_3,
          aquarium_window_fake, aquarium_view_2g
D:2:      layout_basic

Skill      XL: |  1  2 |
---------------+-------+-----
Dodging        | 1 |  1.0
Fighting       | |  1.8
Short Blades   | |  1.8
Throwing       | |  1.8
Stealth        | |  2.5

Action                   || total
-------------------------++-------
Melee: Dagger            ||   139
 Stab: Sleeping          ||     1
Armor: Robe              ||    52
Dodge: Dodged            ||    67
